Map: Acropolis LE

Players

NinjaKWick - Winner!

  • Race: Terran Terran
  • League: Diamond
  • Spawn Location: 11:00

A.I. 2 (Very Easy)

  • Race: Zerg Zerg
  • Spawn Location: 5:00

VOD

Have the link to the VOD?

Description

This is for mac. 1 base TvX build.

Time

  • Played on: May 27, 2019, 5:48 p.m.
  • Length: 5:51
Show
View Real Time Build Order
Export as new Build Order

NinjaKWick Terran - Winner!

Build Orders: 1/1/1, Banshee Rush 

Get SALT Encoding   

  12  0:01  SCV  
  13  0:13  SCV  
  14  0:17  Supply Depot  
  14  0:27  SCV  
  15  0:28  Refinery  
  15  0:39  SCV  
  16  0:45  Barracks  
  16  0:51  SCV  
  17  0:59  Refinery  
  17  1:03  SCV  
  18  1:15  SCV  
  19  1:27  SCV  
  20  1:35  Supply Depot, Factory  
  20  1:37  Barracks Reactor  
  20  1:47  Orbital Command  
  20  2:15  Marine  
  20  2:16  Marine  
  20  2:17  SCV  
  20  2:18  Starport  
  20  2:19  Factory Tech Lab  
  23  2:29  SCV  
  24  2:33  Marine x2  
  26  2:39  Siege Tank  
  26  2:41  SCV  
  30  2:45  Supply Depot  
  30  2:59  Starport Tech Lab  
  30  3:00  Marine  
  31  3:07  Marine  
  31  3:08  Supply Depot  
  32  3:15  Siege Tank  
  35  3:22  Cloaking Field  
  35  3:23  Marine  
  35  3:25  Marine  
  37  3:31  Supply Depot, Banshee  
  40  3:41  Marine  
  40  3:42  Marine  
  42  3:50  Siege Tank  
  45  3:59  Marine  
  45  4:00  Marine  
  47  4:05  Supply Depot  
  47  4:14  Banshee  
  50  4:18  Marine x2  
  52  4:29  Supply Depot  
  52  4:31  Siege Tank  
  55  4:43  Marine x2  
  57  4:52  Command Center  
  57  4:58  Banshee  
  60  5:06  Marine x2  
  62  5:28  Marine  
  62  5:29  Marine  
  62  5:30  SCV  
  62  5:32  Supply Depot  
  66  5:49  Supply Depot  
Show
View Real Time Build Order
Export as new Build Order

A.I. 2 (Very Easy) Zerg 

Build Orders: Pool Only 

Get SALT Encoding   

  12  0:00  Drone  
  13  0:12  Overlord  
  13  0:16  Drone  
  14  0:35  Spawning Pool  
  14  0:37  Extractor  
  14  0:39  Drone  
  13  0:46  Drone  
  14  0:51  Overlord  
  14  1:22  Queen  
  14  1:23  Zergling x2  
  17  1:29  Roach Warren  
  16  1:33  Drone  
  16  1:36  Extractor  
  16  1:41  Drone  
  16  1:43  Zergling x2  
  18  1:55  Drone  
  19  2:02  Zergling x2  
  19  2:06  Drone  
  21  2:17  Drone  
  22  2:28  Drone  
  22  2:29  Overlord  
  23  2:35  Drone  
  24  2:42  Drone  
  25  4:12  Zergling x2  
  25  5:13  Zergling x2  
  23  5:27  Overlord  
  23  5:31  Drone, Spawning Pool  
  21  5:38  Drone  
Tags
 
League
Diamond
Matchup
TvZ
Spawn Locations
Cross Positions
Strategy
Banshee Rush
Add a new tag
Caveats
  • Supply blocks, unpowered buildings, or Contaminate may cause inaccurate times.
  • Supply counts are checked every 10 seconds.